SAA
NORTHVILLE ECLIPSE @ LANNISTER UNITED LIONHEARTS
08/02/2034
 
TOP OF THE 1ST
Northville Eclipse batting - Pitching for Lannister United Lionhearts : RHP Valentin Calhamar
Pitching: RHP Valentin Calhamar
Batting: RHB Rod Shortall 0-0: Called Strike
0-1: TRIPLE (Flyball, 8LXD)
Batting: RHB Bill Wilson 0-0: SINGLE (Groundball, 56D)
Rod Shortall scores
Batting: LHB Qing-nian Zexian 0-0: Swinging Strike
0-1: SINGLE (Line Drive, 56D)
Bill Wilson to second
Batting: LHB Mihai Dumitru 0-0: Foul Ball, location: 2F
0-1: Ball
1-1: Ground out U3 (Groundball, 34S)
Bill Wilson to third
Qing-nian Zexian to second
Batting: LHB Raymond Dudzinski 0-0: Fly out, F7 (Flyball, 7)
Throwing error, E7
Bill Wilson scores
Qing-nian Zexian to third
Batting: LHB Lonnie Murray 0-0: Ball
1-0: Foul Ball, location: 2F
1-1: Ball
2-1: Ball
3-1: Foul Ball, location: 2F
3-2: Ground out 4-3 (Groundball, 4)
Top of the 1st over - 2 runs, 3 hits, 1 error, 1 left on base; Northville 2 - Lannister United 0
BOTTOM OF THE 1ST
Lannister United Lionhearts batting - Pitching for Northville Eclipse : LHP Lawrence Lane
Pitching: LHP Lawrence Lane
Batting: RHB Gonzalo Vásquez 0-0: Ground out 1-3 (Groundball, 13S)
Batting: SHB Gerrie Bond 0-0: Foul Ball, location: 2F
0-1: SINGLE (Line Drive, 6)
Batting: RHB Dejmi Dumervil 0-0: Called Strike
0-1: Swinging Strike
0-2: Foul Ball, location: 2F
0-2: Foul Ball, location: 2F
0-2: Foul Ball, location: 2F
0-2: Ground out 5-3 (Groundball, 5S)
Gerrie Bond to second
Batting: RHB Mitsuhide Bando 0-0: Ball
1-0: Ball
2-0: Foul Ball, location: 2F
2-1: Called Strike
2-2: SINGLE (Groundball, 56D)
Gerrie Bond to third
Runner from 3rd tries for Home, SAFE, no throw
Batting: LHB Michael Witt 0-0: Ball
1-0: Called Strike
1-1: Foul Ball, location: 2F
1-2: Foul Ball, location: 2F
1-2: Foul Ball, location: 2F
1-2: Ground out U3 (Groundball, 3)
Bottom of the 1st over - 1 run, 2 hits, 0 errors, 1 left on base; Northville 2 - Lannister United 1
TOP OF THE 2ND
Northville Eclipse batting - Pitching for Lannister United Lionhearts : RHP Van Lapointe
Pitching: RHP Van Lapointe
Batting: RHB Sidney Mackell 0-0: Foul Ball, location: 2F
0-1: Called Strike
0-2: Ball
1-2: Ball
2-2: Fly out, F9 (Line Drive, 9S)
Batting: SHB Javier Murillo 0-0: Ball
1-0: Foul Ball, location: 2F
1-1: Foul Ball, location: 2F
1-2: SINGLE (Line Drive, 9S)
Batting: RHB Miguel Betancourt 0-0: Ball
1-0: Foul Ball, location: 2F
1-1: Foul Ball, location: 2F
1-2: Ball
2-2: Strikes out swinging
Batting: RHB Rod Shortall 0-0: Ground out U3 (Groundball, 34)
Top of the 2nd over - 0 runs, 1 hit, 0 errors, 1 left on base; Northville 2 - Lannister United 1
BOTTOM OF THE 2ND
Lannister United Lionhearts batting - Pitching for Northville Eclipse : LHP Lawrence Lane
Batting: LHB Dave Watts 0-0: Called Strike
0-1: Ball
1-1: Called Strike
1-2: Ball
2-2: Ball
3-2: Fly out, F7 (Flyball, 78D)
Batting: SHB Miklos Elias 0-0: Foul Ball, location: 2F
0-1: Ball
1-1: Ball
2-1: Ball
3-1: Foul Ball, location: 2F
3-2: SINGLE (Line Drive, 3D)
Batting: RHB Andy Garnet 0-0: Called Strike
0-1: Ball
1-1: Ball
2-1: Ball
3-1: Foul Ball, location: 2F
3-2: Strikes out swinging
Batting: RHB Mareka Naidoo 0-0: Ball
Miklos Elias steals 2nd base
1-0: Ground out 2-3 (Groundball, 2L)
Bottom of the 2nd over - 0 runs, 1 hit, 0 errors, 1 left on base; Northville 2 - Lannister United 1
TOP OF THE 3RD
Northville Eclipse batting - Pitching for Lannister United Lionhearts : RHP Van Lapointe
Batting: RHB Bill Wilson 0-0: Ball
1-0: Ball
2-0: Bunt for hit - play at first, batter safe!
Batting: LHB Qing-nian Zexian 0-0: Called Strike
0-1: Called Strike
0-2: Ball
1-2: SINGLE (Groundball, 4MD)
Bill Wilson to second
Batting: LHB Mihai Dumitru 0-0: Ball
1-0: Ball
2-0: Foul Ball, location: 2F
2-1: Ball
3-1: Foul Ball, location: 2F
3-2: Base on Balls
Bill Wilson to third
Qing-nian Zexian to second
Batting: LHB Raymond Dudzinski 0-0: Foul Ball, location: 2F
0-1: Ball
1-1: Foul Ball, location: 2F
1-2: Strikes out swinging
Batting: LHB Lonnie Murray 0-0: Ball
1-0: Ball
2-0: Called Strike
2-1: SINGLE (Line Drive, 78S)
Bill Wilson scores
Qing-nian Zexian to third
Mihai Dumitru to second
Runner from 3rd tries for Home, throw and OUT!
Batting: RHB Sidney Mackell 0-0: Ground out 6-3 (Groundball, 6M)
Top of the 3rd over - 1 run, 3 hits, 0 errors, 2 left on base; Northville 3 - Lannister United 1
BOTTOM OF THE 3RD
Lannister United Lionhearts batting - Pitching for Northville Eclipse : LHP Lawrence Lane
Batting: RHB Gonzalo Vásquez 0-0: Called Strike
0-1: Ball
1-1: SINGLE (Line Drive, 4M)
Batting: SHB Gerrie Bond 0-0: Called Strike
0-1: Swinging Strike
0-2: Ball
1-2: Ball
2-2: Fly out, F7 (Flyball, 78S)
Batting: RHB Dejmi Dumervil 0-0: Ball
1-0: Ball
2-0: Foul Ball, location: 2F
2-1: Fielders Choice at 2nd, 4-6 (Groundball, 34)
Batting: RHB Mitsuhide Bando 0-0: Ball
1-0: Ball
2-0: Ball
3-0: Called Strike
3-1: Fly out, F7 (Flyball, 78S)
Bottom of the 3rd over - 0 runs, 1 hit, 0 errors, 1 left on base; Northville 3 - Lannister United 1
TOP OF THE 4TH
Northville Eclipse batting - Pitching for Lannister United Lionhearts : RHP Van Lapointe
Batting: SHB Javier Murillo 0-0: Ball
1-0: Called Strike
1-1: SINGLE (Flyball, 8LS) - OUT at second base trying to stretch hit.
Batting: RHB Miguel Betancourt 0-0: Ball
1-0: Foul Ball, location: 2F
1-1: Ball
2-1: Called Strike
2-2: Ball
3-2: Strikes out swinging
Batting: RHB Rod Shortall 0-0: Swinging Strike
0-1: Swinging Strike
0-2: Fly out, F7 (Flyball, 7LS)
Top of the 4th over - 0 runs, 1 hit, 0 errors, 0 left on base; Northville 3 - Lannister United 1
BOTTOM OF THE 4TH
Lannister United Lionhearts batting - Pitching for Northville Eclipse : LHP Lawrence Lane
Batting: LHB Michael Witt 0-0: Ball
1-0: Called Strike
1-1: Called Strike
1-2: SINGLE (Line Drive, 3)
Batting: LHB Dave Watts 0-0: Ball
Michael Witt steals 2nd base
1-0: Swinging Strike
1-1: Fly out, F9 (Flyball, 9D)
Runner from 2nd tags up, SAFE at 3rd, no throw
Batting: SHB Miklos Elias 0-0: Ground out 5-3 (Groundball, 5L)
Batting: RHB Andy Garnet 0-0: Called Strike
0-1: Ball
1-1: Called Strike
1-2: Reached on error, E6 (Groundball, 6M)
Michael Witt scores
Batting: RHB Mareka Naidoo 0-0: Swinging Strike
0-1: Ball
1-1: Called Strike
1-2: Strikes out looking
Bottom of the 4th over - 1 run, 1 hit, 1 error, 1 left on base; Northville 3 - Lannister United 2
TOP OF THE 5TH
Northville Eclipse batting - Pitching for Lannister United Lionhearts : RHP Van Lapointe
Batting: RHB Bill Wilson 0-0: Foul Ball, location: 2F
0-1: Foul Ball, location: 2F
0-2: Ball
1-2: Ground out 5-3 (Groundball, 5D)
Batting: LHB Qing-nian Zexian 0-0: Swinging Strike
0-1: Foul Ball, location: 2F
0-2: Strikes out swinging
Batting: LHB Mihai Dumitru 0-0: Ball
1-0: TRIPLE (Flyball, 8RXD)
Pitching: RHP Shusaku Kobayashi
Batting: LHB Raymond Dudzinski 0-0: Called Strike
0-1: Foul Ball, location: 2F
0-2: Ball
1-2: SINGLE (Groundball, 3D)
Mihai Dumitru scores
Batting: LHB Lonnie Murray 0-0: Ball
1-0: Swinging Strike
1-1: Swinging Strike
1-2: Fielders Choice at 2nd, 5-4 (Groundball, 5L)
Top of the 5th over - 1 run, 2 hits, 0 errors, 1 left on base; Northville 4 - Lannister United 2
BOTTOM OF THE 5TH
Lannister United Lionhearts batting - Pitching for Northville Eclipse : LHP Lawrence Lane
Batting: RHB Gonzalo Vásquez 0-0: Ball
1-0: Hit by Pitch
Batting: SHB Gerrie Bond 0-0: Fly out, F9 (Flyball, 9S)
Batting: RHB Dejmi Dumervil 0-0: Ball
1-0: Called Strike
1-1: Called Strike
Gonzalo Vásquez steals 2nd base
1-2: Foul Ball, location: 2F
1-2: Ball
2-2: Ball
3-2: Foul Ball, location: 2F
3-2: Base on Balls
Batting: RHB Mitsuhide Bando 0-0: Called Strike
Gonzalo Vásquez steals 3rd base
Dejmi Dumervil to second
0-1: Foul Ball, location: 2F
0-2: Ball
1-2: Foul Ball, location: 2F
1-2: SINGLE (Line Drive, 6M)
Gonzalo Vásquez scores
Dejmi Dumervil to third
Runner from 3rd tries for Home, SAFE, no throw
Batting: LHB Michael Witt 0-0: Ball
1-0: SINGLE (Groundball, 34)
Mitsuhide Bando to second
Runner from 2nd tries for 3rd, SAFE, throw made to third
Batting: LHB Dave Watts 0-0: Ball
1-0: Foul Ball, location: 2F
1-1: Ball
2-1: Fly out, F4 (Line Drive, 4)
Batting: SHB Miklos Elias 0-0: Ball
1-0: Foul Ball, location: 2F
1-1: Fly out, F6 (Line Drive, 6M)
Bottom of the 5th over - 2 runs, 2 hits, 0 errors, 2 left on base; Northville 4 - Lannister United 4
TOP OF THE 6TH
Northville Eclipse batting - Pitching for Lannister United Lionhearts : RHP Shusaku Kobayashi
Batting: RHB Sidney Mackell 0-0: Ball
1-0: Swinging Strike
1-1: Ball
2-1: Ball
3-1: Base on Balls
Batting: SHB Javier Murillo 0-0: Ball
1-0: Ball
2-0: Grounds into double play, 5-4-3 (Groundball, 56)
Batting: RHB Miguel Betancourt 0-0: Called Strike
0-1: Ball
1-1: Ball
2-1: Foul Ball, location: 2F
2-2: Ball
3-2: Strikes out looking
Top of the 6th over - 0 runs, 0 hits, 0 errors, 0 left on base; Northville 4 - Lannister United 4
BOTTOM OF THE 6TH
Lannister United Lionhearts batting - Pitching for Northville Eclipse : LHP Lawrence Lane
Batting: RHB Andy Garnet 0-0: Ball
1-0: Ball
2-0: Swinging Strike
2-1: Ball
3-1: Swinging Strike
3-2: Foul Ball, location: 2F
3-2: Foul Ball, location: 2F
3-2: Base on Balls
Pitching: RHP Ming-hoa Zhou
Batting: RHB Mareka Naidoo 0-0: Called Strike
0-1: Foul Ball, location: 2F
0-2: Ball
1-2: Grounds into double play, 4-6-3 (Groundball, 4)
Batting: RHB Gonzalo Vásquez 0-0: Foul Ball, location: 2F
0-1: Bunt for hit - play at first, batter safe!
Batting: SHB Gerrie Bond 0-0: Ball
Gonzalo Vásquez steals 2nd base
1-0: Foul Ball, location: 2F
1-1: Swinging Strike
1-2: Ball
2-2: Fly out, F3 (Flyball, 3D)
Bottom of the 6th over - 0 runs, 1 hit, 0 errors, 1 left on base; Northville 4 - Lannister United 4
TOP OF THE 7TH
Northville Eclipse batting - Pitching for Lannister United Lionhearts : RHP Shusaku Kobayashi
Batting: RHB Rod Shortall 0-0: Ball
1-0: Called Strike
1-1: Swinging Strike
1-2: Ground out 5-3 (Groundball, 56)
Batting: RHB Bill Wilson 0-0: Reached on error, E5 (Groundball, 5L)
Batting: LHB Qing-nian Zexian 0-0: Swinging Strike
0-1: Hit by Pitch
Bill Wilson to second
Batting: LHB Mihai Dumitru 0-0: Fly out, F7 (Flyball, 7)
Batting: LHB Raymond Dudzinski 0-0: Ball
1-0: Called Strike
1-1: Fly out, F9 (Line Drive, 9)
Top of the 7th over - 0 runs, 0 hits, 1 error, 2 left on base; Northville 4 - Lannister United 4
BOTTOM OF THE 7TH
Lannister United Lionhearts batting - Pitching for Northville Eclipse : RHP Ming-hoa Zhou
Batting: RHB Dejmi Dumervil 0-0: Called Strike
0-1: Ball
1-1: Swinging Strike
1-2: Foul Ball, location: 2F
1-2: Ball
2-2: Ball
3-2: Strikes out swinging
Batting: RHB Mitsuhide Bando 0-0: SINGLE (Groundball, 6MD)
Batting: LHB Michael Witt 0-0: Foul Ball, location: 2F
0-1: Ball
1-1: Ball
2-1: Foul Ball, location: 2F
2-2: Strikes out looking
Batting: LHB Dave Watts 0-0: Ball
1-0: Ball
2-0: Ball
3-0: Called Strike
3-1: Base on Balls
Mitsuhide Bando to second
Batting: SHB Miklos Elias 0-0: Ball
1-0: Ball
2-0: Ball
3-0: Called Strike
3-1: Base on Balls
Mitsuhide Bando to third
Dave Watts to second
Batting: RHB Andy Garnet 0-0: Ball
1-0: Swinging Strike
1-1: Foul Ball, location: 2F
1-2: Strikes out looking
Bottom of the 7th over - 0 runs, 1 hit, 0 errors, 3 left on base; Northville 4 - Lannister United 4
TOP OF THE 8TH
Northville Eclipse batting - Pitching for Lannister United Lionhearts : RHP Shusaku Kobayashi
Batting: LHB Lonnie Murray 0-0: Ball
1-0: SINGLE (Line Drive, 6MD)
Batting: RHB Sidney Mackell 0-0: Sac Bunt - play at first, batter OUT! 2-4
Lonnie Murray to second
Batting: SHB Javier Murillo 0-0: Intentional Walk
Pinch Runner at 2nd Yi-ping Hor:
Batting: RHB Miguel Betancourt 0-0: Ball
1-0: Called Strike
1-1: Ball
2-1: Fly out, F7 (Line Drive, 7)
Batting: RHB Rod Shortall 0-0: Ball
1-0: Ball
2-0: Ball
3-0: Base on Balls
Yi-ping Hor to third
Javier Murillo to second
Batting: RHB Bill Wilson 0-0: Foul Ball, location: 2F
0-1: Fly out, F9 (Flyball, 9)
Top of the 8th over - 0 runs, 1 hit, 0 errors, 3 left on base; Northville 4 - Lannister United 4
BOTTOM OF THE 8TH
Lannister United Lionhearts batting - Pitching for Northville Eclipse : RHP Ming-hoa Zhou
Now at SS: Yi-ping Hor
Batting: RHB Mareka Naidoo 0-0: Ball
1-0: Foul Ball, location: 2F
1-1: Ball
2-1: Fly out, F7 (Line Drive, 78D)
Batting: RHB Gonzalo Vásquez 0-0: Ball
1-0: Ball
2-0: Ball
3-0: Called Strike
3-1: Base on Balls
Batting: SHB Gerrie Bond 0-0: Called Strike
0-1: Foul Ball, location: 2F
0-2: Fly out, F8 (Flyball, 8RM)
Batting: RHB Dejmi Dumervil 0-0: Called Strike
0-1: Called Strike
0-2: Fly out, F9 (Flyball, 9S)
Bottom of the 8th over - 0 runs, 0 hits, 0 errors, 1 left on base; Northville 4 - Lannister United 4
TOP OF THE 9TH
Northville Eclipse batting - Pitching for Lannister United Lionhearts : RHP Shusaku Kobayashi
Pitching: RHP Kliment Spirk
Batting: LHB Qing-nian Zexian 0-0: Called Strike
0-1: Foul Ball, location: 2F
0-2: Ball
1-2: Foul Ball, location: 2F
1-2: Foul Ball, location: 2F
1-2: Fly out, F9 (Flyball, 9S)
Batting: LHB Mihai Dumitru 0-0: Called Strike
0-1: Swinging Strike
0-2: Ball
1-2: Ball
2-2: Ball
3-2: Foul Ball, location: 2F
3-2: Strikes out looking
Batting: LHB Raymond Dudzinski 0-0: Ball
1-0: Called Strike
1-1: Ball
2-1: Foul Ball, location: 2F
2-2: Strikes out swinging
Top of the 9th over - 0 runs, 0 hits, 0 errors, 0 left on base; Northville 4 - Lannister United 4
BOTTOM OF THE 9TH
Lannister United Lionhearts batting - Pitching for Northville Eclipse : RHP Ming-hoa Zhou
Pitching: RHP T.J. Juckson
Batting: RHB Mitsuhide Bando 0-0: Ball
1-0: Called Strike
1-1: Ball
2-1: Called Strike
2-2: Ball
3-2: Base on Balls
Batting: LHB Michael Witt 0-0: Called Strike
0-1: Foul Ball, location: 2F
0-2: Fly out, F8 (Line Drive, 8RM)
Batting: LHB Dave Watts 0-0: Fly out, F9 (Flyball, 9D)
Batting: SHB Miklos Elias 0-0: Ball
1-0: Foul Ball, location: 2F
1-1: Fly out, F7 (Flyball, 7)
Bottom of the 9th over - 0 runs, 0 hits, 0 errors, 1 left on base; Northville 4 - Lannister United 4
TOP OF THE 10TH
Northville Eclipse batting - Pitching for Lannister United Lionhearts : RHP Kliment Spirk
Batting: RHB Yi-ping Hor 0-0: Foul Ball, location: 2F
0-1: Ball
1-1: Swinging Strike
1-2: Ball
2-2: Fly out, F4 (Popup, 34)
Pinch Hitting: LHB Conrad Hessing 0-0: Ball
1-0: TRIPLE (Flyball, 89XD)
Batting: SHB Javier Murillo 0-0: Intentional Walk
Pinch Hitting: LHB Marvello Obra 0-0: Grounds into double play, 4-6-3 (Groundball, 4)
Top of the 10th over - 0 runs, 1 hit, 0 errors, 1 left on base; Northville 4 - Lannister United 4
BOTTOM OF THE 10TH
Lannister United Lionhearts batting - Pitching for Northville Eclipse : RHP T.J. Juckson
Now at C: Tabor de Maria
Now in CF: Conrad Hessing
Batting: RHB Andy Garnet 0-0: Ball
1-0: Ball
2-0: Called Strike
2-1: SINGLE (Flyball, 9S)
Batting: RHB Mareka Naidoo 0-0: Foul Ball, location: 2F
0-1: Ball
1-1: Ball
2-1: SINGLE (Groundball, 6MD)
Andy Garnet to second
Runner from 2nd tries for 3rd, SAFE, throw made to third
Batting: RHB Gonzalo Vásquez 0-0: Fly out, F4 (Popup, 23)
Batting: SHB Gerrie Bond 0-0: Called Strike
0-1: Ground out U3 (Groundball, 34)
Mareka Naidoo to second
Batting: RHB Dejmi Dumervil 0-0: Foul Ball, location: 2F
0-1: Ball
1-1: SINGLE (Line Drive, 7LM)
Andy Garnet scores
Friday, March 29th, 2019 - OOTP Baseball 18.8 Build 76